General information
			
			
        
        - name: BNet
 
        - type: Ladder team game (AT/RT)
 
        - host: Battle.net
 
        - saver: bLinn
 
        
map: Slalom 
        - players: 8
 
        - length: 21:41
 
        - speed: Fast
 - version: 1.22 W3XP
 - replay type:  

 
» download(142 KB)
Players
        team 1 (winner) 
              
              
bLinn (
green | 86 APM | 1860 actions | 21:41)
              
 5 Blademaster 
 3 Wind Walk
 2 Critical Strike
 4 Tauren Chieftain 
 2 Shockwave
 2 Endurance Aura
 
                » actions 
                
                | Assign group hotkey | 73 |  | 
| Basic commands | 6 |  | 
| Build / train | 79 |  | 
| Enter build submenu | 16 |  | 
| Enter hero's abilities submenu | 9 |  | 
| Give item / drop item | 5 |  | 
| Remove unit from queue | 4 |  | 
| Right click | 1066 |  | 
| Select / deselect | 273 |  | 
| Select group hotkey | 261 |  | 
| Use ability | 68 |  | 
                1860 total
 » units 
                » upgrades
                
                | Spiked Barricades | 1 |  | 
| Armor | 3 |  | 
| Backpack | 0 |  | 
| Reinforced Defenses | 1 |  | 
| Liquid Fire | 1 |  | 
                6 total
 » buildings
                
                | Altar of Storms | 1 |  | 
| Orc Burrow | 3 |  | 
| War Mill | 1 |  | 
| Watch Tower | 4 |  | 
| Stronghold | 3 |  | 
| Voodoo Lounge | 2 |  | 
| Beastiary | 2 |  | 
| Great Hall | 1 |  | 
| Fortress | 4 |  | 
                21 total
 » build order
                00:02 Altar of Storms
00:15 Orc Burrow
01:03 War Mill
02:20 Watch Tower
02:36 Watch Tower
02:49 Orc Burrow
03:44 Watch Tower
04:18 Stronghold
04:18 Stronghold
04:59 Voodoo Lounge
05:58 Orc Burrow
06:06 Watch Tower
06:45 Beastiary
06:49 Beastiary
07:39 Great Hall
08:26 Fortress
08:26 Fortress
08:26 Fortress
09:58 Voodoo Lounge
» items
                
                | Healing Salve | 3 |  | 
| Lesser Clarity Potion | 4 |  | 
| Scroll of Speed | 2 |  | 
| Orb of Lightning | 2 |  | 
                11 total
  
               
              
              
iggy_the_fisk (
blue | 96 APM | 2085 actions | 21:40)
              
 4 Archmage 
 2 Blizzard
 2 Brilliance Aura
 3 Mountain King 
 2 Storm Bolt
 1 Bash
 3 Paladin 
 2 Holy Light
 1 Divine Shield
 
                » actions 
                
                | Assign group hotkey | 224 |  | 
| Basic commands | 2 |  | 
| Build / train | 90 |  | 
| Enter build submenu | 67 |  | 
| Enter hero's abilities submenu | 10 |  | 
| Give item / drop item | 2 |  | 
| Remove unit from queue | 5 |  | 
| Right click | 899 |  | 
| Select / deselect | 213 |  | 
| Select group hotkey | 410 |  | 
| Use ability | 163 |  | 
                2085 total
 » units 
                
                | Peasant | 19 |  | 
| Dragonhawk Rider | 2 |  | 
                21 total
 » upgrades
                
                | Masonry | 3 |  | 
| Lumber Harvesting | 2 |  | 
| Magic Sentry | 1 |  | 
                6 total
 » buildings
                
                | Altar of Kings | 1 |  | 
| Farm | 7 |  | 
| Lumber Mill | 1 |  | 
| Scout Tower | 50 |  | 
| Arcane Tower | 3 |  | 
| Guard Tower | 23 |  | 
| Keep | 1 |  | 
| Town Hall | 13 |  | 
| Arcane Vault | 2 |  | 
| Arcane Sanctum | 1 |  | 
| Castle | 3 |  | 
| Gryphon Aviary | 2 |  | 
| Blacksmith | 1 |  | 
| Barracks | 1 |  | 
                109 total
 » build order
                00:03 Altar of Kings
00:19 Farm
01:07 Farm
01:21 Lumber Mill
01:51 Scout Tower
02:18 Arcane Tower
02:18 Arcane Tower
02:19 Scout Tower
02:24 Scout Tower
02:45 Guard Tower
02:46 Guard Tower
02:46 Guard Tower
02:50 Scout Tower
02:59 Guard Tower
03:00 Scout Tower
03:15 Scout Tower
03:43 Guard Tower
03:45 Scout Tower
03:46 Scout Tower
04:08 Arcane Tower
04:10 Keep
04:46 Farm
05:06 Town Hall
05:11 Guard Tower
05:14 Scout Tower
05:16 Scout Tower
06:13 Guard Tower
06:15 Scout Tower
06:16 Scout Tower
06:16 Scout Tower
06:19 Arcane Vault
06:33 Arcane Sanctum
06:42 Guard Tower
06:43 Guard Tower
06:53 Scout Tower
07:35 Castle
07:36 Castle
07:36 Castle
07:42 Guard Tower
07:43 Scout Tower
07:43 Scout Tower
08:01 Guard Tower
08:04 Scout Tower
08:40 Guard Tower
08:43 Scout Tower
08:47 Scout Tower
08:49 Scout Tower
08:51 Scout Tower
08:51 Scout Tower
08:52 Scout Tower
09:48 Guard Tower
09:52 Scout Tower
09:53 Scout Tower
10:40 Guard Tower
11:05 Guard Tower
11:06 Scout Tower
11:07 Scout Tower
11:15 Scout Tower
11:16 Scout Tower
11:16 Scout Tower
11:17 Scout Tower
11:18 Scout Tower
11:19 Scout Tower
11:22 Guard Tower
12:03 Scout Tower
12:06 Scout Tower
12:06 Scout Tower
12:07 Scout Tower
12:08 Scout Tower
12:09 Scout Tower
12:15 Guard Tower
12:21 Scout Tower
12:22 Scout Tower
12:49 Guard Tower
12:50 Scout Tower
12:52 Scout Tower
13:05 Gryphon Aviary
13:07 Gryphon Aviary
13:08 Blacksmith
13:09 Barracks
13:14 Farm
13:14 Farm
13:57 Guard Tower
14:00 Farm
14:02 Farm
14:16 Guard Tower
14:18 Arcane Vault
15:26 Guard Tower
15:30 Scout Tower
15:31 Scout Tower
17:25 Guard Tower
17:27 Scout Tower
17:29 Scout Tower
17:37 Scout Tower
18:52 Guard Tower
18:55 Town Hall
18:56 Town Hall
18:57 Town Hall
18:58 Town Hall
19:00 Scout Tower
19:14 Town Hall
19:17 Town Hall
19:18 Town Hall
19:20 Town Hall
21:15 Town Hall
21:16 Town Hall
21:18 Town Hall
21:20 Town Hall
» items
                
                | Healing Salve | 2 |  | 
| Orb of Lightning | 2 |  | 
| Staff of Sanctuary | 1 |  | 
| Boots of Speed | 2 |  | 
| Staff of Teleportation | 2 |  | 
| Scroll of Town Portal | 1 |  | 
                10 total
  
               
              
              
Mata. (
orange | 83 APM | 1801 actions | 21:40)
              
 3 Naga Sea Witch 
 2 Frost Arrows
 1 Forked Lightning
 
                » actions 
                
                | Assign group hotkey | 436 |  | 
| Basic commands | 16 |  | 
| Build / train | 63 |  | 
| Enter build submenu | 46 |  | 
| Enter hero's abilities submenu | 3 |  | 
| Remove unit from queue | 8 |  | 
| Right click | 665 |  | 
| Select / deselect | 286 |  | 
| Select group hotkey | 203 |  | 
| Use ability | 75 |  | 
                1801 total
 » units 
                » upgrades
                
                | Spiked Barricades | 2 |  | 
| Ranged Weapons | 3 |  | 
| War Drums Damage Increase | 0 |  | 
| Liquid Fire | 1 |  | 
| Reinforced Defenses | 1 |  | 
| Armor | 1 |  | 
                8 total
 » buildings
                
                | War Mill | 1 |  | 
| Orc Burrow | 6 |  | 
| Watch Tower | 18 |  | 
| Altar of Storms | 1 |  | 
| Stronghold | 1 |  | 
| Great Hall | 1 |  | 
| Voodoo Lounge | 1 |  | 
| Beastiary | 3 |  | 
| Fortress | 1 |  | 
                33 total
 » build order
                00:10 War Mill
00:39 Orc Burrow
01:56 Watch Tower
01:59 Watch Tower
02:12 Altar of Storms
03:10 Watch Tower
03:12 Watch Tower
03:27 Orc Burrow
04:30 Watch Tower
04:31 Watch Tower
04:40 Stronghold
05:36 Watch Tower
05:37 Watch Tower
06:01 Great Hall
06:14 Voodoo Lounge
06:43 Watch Tower
07:06 Orc Burrow
07:08 Orc Burrow
07:30 Beastiary
07:36 Beastiary
07:53 Fortress
09:00 Watch Tower
10:15 Watch Tower
10:23 Beastiary
11:32 Watch Tower
12:35 Watch Tower
13:39 Watch Tower
13:53 Orc Burrow
15:21 Watch Tower
16:27 Watch Tower
17:13 Orc Burrow
17:38 Watch Tower
20:22 Watch Tower
 
               
              
              
» 
timG4strok (
yellow | 74 APM | 1614 actions | 21:40)
              
 6 Pandaren Brewmaster 
 3 Breath of Fire
 1 Drunken Brawler
 1 Drunken Haze
 1 Storm Earth and Fire
 
                » actions 
                
                | Assign group hotkey | 12 |  | 
| Basic commands | 43 |  | 
| Build / train | 91 |  | 
| ESC pressed | 5 |  | 
| Enter build submenu | 48 |  | 
| Enter hero's abilities submenu | 6 |  | 
| Give item / drop item | 1 |  | 
| Right click | 755 |  | 
| Select / deselect | 189 |  | 
| Select group hotkey | 350 |  | 
| Use ability | 114 |  | 
                1614 total
 » units 
                » upgrades
                
                | Masonry | 2 |  | 
| Lumber Harvesting | 1 |  | 
| Magic Sentry | 1 |  | 
| Armor | 3 |  | 
| Swords | 3 |  | 
| Storm Hammers | 1 |  | 
| Animal War Training | 1 |  | 
                12 total
 » buildings
                
                | Altar of Kings | 1 |  | 
| Farm | 14 |  | 
| Lumber Mill | 2 |  | 
| Scout Tower | 42 |  | 
| Arcane Tower | 2 |  | 
| Guard Tower | 25 |  | 
| Keep | 3 |  | 
| Town Hall | 1 |  | 
| Arcane Sanctum | 1 |  | 
| Gryphon Aviary | 2 |  | 
| Barracks | 1 |  | 
| Blacksmith | 2 |  | 
| Castle | 1 |  | 
                97 total
 » build order
                00:02 Altar of Kings
00:11 Farm
00:43 Lumber Mill
01:49 Scout Tower
01:50 Scout Tower
01:57 Farm
02:20 Arcane Tower
02:32 Farm
03:03 Farm
03:05 Guard Tower
03:08 Scout Tower
03:08 Scout Tower
03:23 Scout Tower
03:24 Scout Tower
03:27 Scout Tower
03:37 Guard Tower
03:59 Arcane Tower
04:05 Guard Tower
04:09 Scout Tower
05:20 Keep
05:20 Keep
05:30 Guard Tower
05:34 Scout Tower
05:45 Town Hall
05:53 Scout Tower
05:54 Scout Tower
05:55 Scout Tower
05:56 Scout Tower
05:58 Scout Tower
05:59 Scout Tower
06:00 Scout Tower
06:00 Scout Tower
06:27 Guard Tower
06:29 Scout Tower
06:38 Guard Tower
06:40 Scout Tower
06:41 Scout Tower
06:41 Scout Tower
06:53 Guard Tower
06:56 Guard Tower
06:59 Scout Tower
07:03 Scout Tower
07:04 Scout Tower
07:13 Guard Tower
07:29 Guard Tower
07:42 Guard Tower
07:49 Guard Tower
08:01 Guard Tower
08:03 Guard Tower
08:20 Guard Tower
08:22 Scout Tower
09:02 Guard Tower
09:03 Scout Tower
09:05 Scout Tower
09:06 Scout Tower
09:23 Scout Tower
09:25 Scout Tower
09:30 Arcane Sanctum
09:37 Guard Tower
09:40 Scout Tower
09:41 Scout Tower
09:43 Scout Tower
09:49 Scout Tower
09:58 Scout Tower
09:59 Scout Tower
09:59 Scout Tower
10:00 Scout Tower
10:11 Guard Tower
10:32 Lumber Mill
10:34 Guard Tower
10:54 Guard Tower
11:41 Gryphon Aviary
11:42 Gryphon Aviary
11:45 Farm
11:45 Farm
11:48 Farm
11:48 Farm
11:49 Farm
11:53 Farm
11:54 Farm
11:55 Farm
11:56 Farm
11:57 Farm
12:25 Barracks
12:32 Blacksmith
12:38 Castle
12:52 Guard Tower
14:06 Blacksmith
14:21 Scout Tower
14:22 Scout Tower
14:23 Scout Tower
14:23 Scout Tower
15:28 Guard Tower
16:25 Guard Tower
» items
                
                | Lesser Clarity Potion | 1 |  | 
| Healing Salve | 1 |  | 
| Staff of Teleportation | 1 |  | 
| Boots of Speed | 1 |  | 
| Orb of Lightning | 1 |  | 
                5 total
  
               team 2 (loser) 
              
              
Bigodudo (
pink | 22 APM | 391 actions | 17:47)
              
 1 Paladin 
 1 Devotion Aura
 1 Blood Mage 
 1 Flame Strike
 
                » actions 
                
                | Basic commands | 5 |  | 
| Build / train | 33 |  | 
| Enter build submenu | 13 |  | 
| Enter hero's abilities submenu | 2 |  | 
| Right click | 189 |  | 
| Select / deselect | 137 |  | 
| Use ability | 12 |  | 
                391 total
 » units 
                
                | Peasant | 6 |  | 
| Footman | 5 |  | 
| Rifleman | 4 |  | 
                15 total
 » upgrades
                
                | Defend | 1 |  | 
| Lumber Harvesting | 2 |  | 
| Long Rifles | 1 |  | 
| Masonry | 2 |  | 
| Swords | 1 |  | 
| Gunpowder | 1 |  | 
| Plating | 1 |  | 
| Armor | 1 |  | 
| Animal War Training | 1 |  | 
                11 total
 » buildings
                
                | Altar of Kings | 1 |  | 
| Farm | 4 |  | 
| Barracks | 1 |  | 
| Scout Tower | 2 |  | 
| Keep | 1 |  | 
| Lumber Mill | 1 |  | 
| Arcane Tower | 1 |  | 
| Castle | 1 |  | 
| Blacksmith | 1 |  | 
                13 total
 » build order
                01:01 Altar of Kings
02:09 Farm
02:21 Farm
02:31 Barracks
03:36 Scout Tower
03:38 Keep
03:51 Scout Tower
04:35 Lumber Mill
04:53 Arcane Tower
08:04 Castle
09:53 Blacksmith
11:36 Farm
12:27 Farm
 
               
              
              
EFOMM (
purple | 34 APM | 601 actions | 17:27)
              
 1 Blademaster 
 1 Wind Walk
 
                » actions 
                
                | Assign group hotkey | 5 |  | 
| Basic commands | 18 |  | 
| Build / train | 34 |  | 
| Enter build submenu | 15 |  | 
| Enter hero's abilities submenu | 1 |  | 
| Give item / drop item | 1 |  | 
| Right click | 334 |  | 
| Select / deselect | 145 |  | 
| Select group hotkey | 25 |  | 
| Use ability | 23 |  | 
                601 total
 » units 
                » upgrades
                
                | Berserker Strength | 1 |  | 
| Armor | 1 |  | 
                2 total
 » buildings
                
                | Altar of Storms | 1 |  | 
| Orc Burrow | 8 |  | 
| Barracks | 1 |  | 
| Stronghold | 1 |  | 
| War Mill | 1 |  | 
| Beastiary | 2 |  | 
                14 total
 » build order
                00:08 Altar of Storms
00:10 Orc Burrow
00:53 Orc Burrow
01:30 Barracks
02:03 Orc Burrow
04:58 Stronghold
05:04 War Mill
05:10 Orc Burrow
07:58 Beastiary
08:02 Beastiary
09:39 Orc Burrow
09:48 Orc Burrow
09:50 Orc Burrow
12:46 Orc Burrow
 
               
              
              
Poker_Player (
teal | 25 APM | 545 actions | 21:40)
              
 2 Death Knight 
 1 Death Coil
 1 Unholy Aura
 1 Demon Hunter 
 1 Immolation
 
                » actions 
                
                | Assign group hotkey | 17 |  | 
| Basic commands | 31 |  | 
| Build / train | 36 |  | 
| Enter build submenu | 20 |  | 
| Enter hero's abilities submenu | 3 |  | 
| Remove unit from queue | 3 |  | 
| Right click | 203 |  | 
| Select / deselect | 142 |  | 
| Select group hotkey | 67 |  | 
| Use ability | 23 |  | 
                545 total
 » units 
                
                | Acolyte | 2 |  | 
| Ghoul | 4 |  | 
| Gargoyle | 3 |  | 
| Frost Wyrm | 9 |  | 
| Crypt Fiend | 5 |  | 
                23 total
 » upgrades
                
                | Creature Carapace | 1 |  | 
| Freezing Breath | 1 |  | 
| Web | 1 |  | 
                3 total
 » buildings
                
                | Halls of the Dead | 1 |  | 
| Altar of Darkness | 1 |  | 
| Ziggurat | 8 |  | 
| Crypt | 1 |  | 
| Nerubian Tower | 1 |  | 
| Graveyard | 1 |  | 
| Black Citadel | 1 |  | 
| Sacrificial Pit | 1 |  | 
| Boneyard | 2 |  | 
                17 total
 » build order
                01:08 Halls of the Dead
01:50 Altar of Darkness
02:43 Ziggurat
03:25 Crypt
03:55 Ziggurat
04:29 Nerubian Tower
05:27 Graveyard
05:35 Black Citadel
06:00 Sacrificial Pit
06:15 Ziggurat
06:23 Ziggurat
06:27 Ziggurat
07:59 Boneyard
08:10 Boneyard
09:24 Ziggurat
09:28 Ziggurat
09:36 Ziggurat
 
               
              
              
pompeupompiu (
red | 23 APM | 418 actions | 18:10)
              
 1 Demon Hunter 
 1 Evasion
 
                » actions 
                
                | Assign group hotkey | 3 |  | 
| Build / train | 35 |  | 
| Enter build submenu | 12 |  | 
| Enter hero's abilities submenu | 1 |  | 
| Remove unit from queue | 3 |  | 
| Right click | 175 |  | 
| Select / deselect | 176 |  | 
| Select group hotkey | 1 |  | 
| Use ability | 12 |  | 
                418 total
 » units 
                
                | Wisp | 5 |  | 
| Archer | 10 |  | 
| Huntress | 9 |  | 
| Glaive Thrower | 1 |  | 
                25 total
 » upgrades
                
                | Improved Bows | 1 |  | 
| Sentinel | 1 |  | 
| Upgrade Moon Glaive | 1 |  | 
| Marksmanship | 1 |  | 
                4 total
 » buildings
                
                | Altar of Elders | 1 |  | 
| Moon Well | 4 |  | 
| Ancient of War | 4 |  | 
| Tree of Ages | 1 |  | 
| Hunter's Hall | 1 |  | 
| Tree of Eternity | 1 |  | 
                12 total
 » build order
                00:14 Altar of Elders
00:36 Moon Well
01:02 Ancient of War
01:26 Moon Well
02:28 Moon Well
04:15 Ancient of War
04:36 Tree of Ages
04:58 Hunter's Hall
06:08 Ancient of War
06:17 Ancient of War
09:35 Tree of Eternity
12:14 Moon Well
 
                Chat log
          (00:11 / All) iggy_the_fisk: plays poker, and undead
(00:14 / All) iggy_the_fisk: preeeetty gay
(00:27 / Allies) timG4strok: http://youtube.com/watch?v=jAngBy94QtA
(00:36 / All) bLinn: Texas hold'em... your hole cards are Death Knight and Lich...
(04:09 / All) EFOMM: denyyyyyy
(14:23 / All) iggy_the_fisk: How are you guys
(14:31 / All) pompeupompiu: fine
(14:33 / All) Bigodudo: i'm fine, thanks
(14:38 / All) Bigodudo: how are you?
(14:40 / All) EFOMM: we're having fun
(14:44 / All) Mata.: chillin
(15:03 / All) EFOMM: my team will play the finals of libertadores' cup tomorrow
(15:10 / All) bLinn: }congratulations!
(15:24 / All) timG4strok: Olé
(17:25 / All) EFOMM: save the wales
(17:34 / All) timG4strok: save the scotlan d
(19:14 / All) bLinn: The flop: noob, noob, noob...
(19:31 / All) bLinn: The turn? Noob. The River? GG
(19:37 / All) Poker_Player: =)
(20:10 / All) timG4strok: gg
(20:11 / All) timG4strok: u win
(20:30 / All) Poker_Player: iam a good player but two of my friends here dont know hot toplay so i just play for fun 
(20:37 / All) Mata.: word?
(20:41 / All) iggy_the_fisk: how good
(20:42 / All) bLinn: Ok, thank you.
(20:48 / All) Mata.: rank yourself
(20:52 / All) Mata.: 1-10
(20:54 / All) Poker_Player: in solo?
(20:59 / All) bLinn: no in dota
(21:03 / All) Mata.: overall ability i guess?
(21:05 / All) iggy_the_fisk: ;)
(21:18 / Allies) bLinn: rallyjacht
(21:26 / All) Poker_Player: you guys can see in the chat
(21:28 / All) Poker_Player: adios
(21:32 / Allies) iggy_the_fisk: rally yacht
(21:37 / All) Poker_Player: pocket rockets owns